 Dungeon Crawl Stone Soup version 0.31-a0-844-gdc52ec4e09 (webtiles) character file.

Game seed: 4627202592314641963

82 arthad the Digger (level 4, -1/24 HPs)
             Began as a Deep Elf Earth Elementalist on Sept 30, 2023.
             Slain by a scorpion zombie (4 damage)
             ... on level 4 of the Dungeon.
             The game lasted 00:03:04 (1272 turns).

arthad the Digger (Deep Elf Earth Elementalist)     Turns: 1272, Time: 00:03:05

Health: -1/24      AC:  2    Str:  5    XL:     4   Next: 21%
Magic:  8/11       EV: 13    Int: 22    God:
Gold:   109        SH:  0    Dex: 15    Spells: 9/10 levels left

rFire   . . .        (no weapon)
rCold   . . .        (no shield)
rNeg    . . .        a - +0 robe
rPois   .            (no helmet)
rElec   .            (no cloak)
rCorr   .            (no gloves)
SInv    .            (no boots)
Will    .....        (no amulet)
Stlth   ++           f - ring of flight
HPRegen 0.24/turn    (no ring)
MPRegen 0.12/turn

%: no passive effects
@: flying
A: no striking features
a: no special abilities


You were on level 4 of the Dungeon.
You visited 1 branch of the dungeon, and saw 3 of its levels.

You collected 109 gold pieces.

Inventory:

Armour
 a - a +0 robe (worn)
Jewellery
 f - a ring of flight (left hand)
Wands
 o - a wand of iceblast (15)
Scrolls
 c - 2 scrolls of identify
 d - 2 scrolls of summoning
Potions
 b - a potion of magic
 e - a potion of mutation {unknown}
 g - a potion of heal wounds {unknown}
 i - a potion of attraction {unknown}
 j - a potion of berserk rage {unknown}
 k - a potion of enlightenment {unknown}
 l - a potion of haste {unknown}


   Skills:
 + Level 3.2 Dodging
 + Level 3.3 Stealth
 + Level 3.8 Spellcasting
 + Level 2.1 Transmutations
 + Level 3.8 Earth Magic


You had 9 spell levels left.
You knew the following spells:

 Your Spells              Type           Power      Damage    Failure   Level
a - Sandblast             Erth           42%        2d11      2%          1

Your spell library contained the following spells:

 Spells                   Type           Power      Damage    Failure   Level
 Passwall                 Tmut/Erth      14%        N/A       4%          2
 Stone Arrow              Conj/Erth      24%        3d8       16%         3
 Petrify                  Tmut/Erth      17%        N/A       32%         4
 Brom's Barrelling Bould  Conj/Erth      12%        2d4       45%         4


Dungeon Overview and Level Annotations

Branches:
Dungeon (4/15)             Temple (0/1) D:4

Altars:
Uskayaw

Shops:
D:1 ?


Message History

d - 2 scrolls of summoning The centaur skeleton closely misses you.
The centaur skeleton kicks you.
The scorpion zombie hits you but does no damage.
The centaur skeleton completely misses you.
The centaur skeleton kicks you.
As you read the scroll labelled ROHUMO QOUNUIM, it crumbles to dust.
The creatures around you are filled with an inner flame!
It was a scroll of immolation.
The scorpion zombie hits you but does no damage.
The centaur skeleton barely misses you. x2
As you read the scroll labelled XAM HUSOOR, it crumbles to dust.
It is a scroll of amnesia.
Okay, then.
The centaur skeleton hits you.
The centaur skeleton closely misses you.
The scorpion zombie barely misses you.
As you read the scroll labelled BUNGIS DOHOISI, it crumbles to dust.
You assume a fearsome visage.
The centaur skeleton is unaffected.
The scorpion zombie is unaffected.
The quokka looks frightened!
It was a scroll of fear.
The centaur skeleton hits you.
The centaur skeleton kicks you but does no damage.
The scorpion zombie hits you.
As you read the scroll labelled EMNIMU TOGEMU, it crumbles to dust.
You feel aware of your surroundings.
It was a scroll of revelation.
A goblin comes into view. It is wielding a +0 dagger.
The centaur skeleton hits you.
* * * LOW HITPOINT WARNING * * *
The centaur skeleton kicks you.
* * * LOW HITPOINT WARNING * * *
The scorpion zombie closely misses you. The centaur skeleton hits you.
* * * LOW HITPOINT WARNING * * *
The centaur skeleton kicks you.
* * * LOW HITPOINT WARNING * * *
Okay, then.
A scorpion zombie comes into view.
Found 4 stones.
The scorpion zombie attacks as it pursues you!
The scorpion zombie hits you.
You die...

**,*,*****,,,,,***
#######.#.#.###**,,,,,,,
#######.#.###...,~,,,,,**
########.#.#...Z,~,,,,,*
#########.#.#..~~~~,,,,*
#########...##.~~~~,,,,*
########.###.#.~~,~,,***
#######.#####...,~,,*****
##########@###....,,*,,,,,,
#######........ZZ....###*,*,,,,,,
.........#.###.###?#...r,,,,,,,,,
###..###.#.#.....#.#.#.#*,*,,,,,,
###..###.###.#.#.###....,,*,,,,,,
#........).............#***,**,,,
.#...###.###.#.#.###.### *,*****
#.#..###.#...#.#...#g### *,,**,,
.###.....#.###.###.#.## **,**,,


You could see a scorpion zombie (inner flame), a quokka (inner flame, fleeing)
and a centaur skeleton (inner flame).

Vanquished Creatures
  Natasha (D:4)
  A hound skeleton (D:4)
  An adder (D:2)
  An adder skeleton (D:4)
  5 endoplasms
  4 goblins
  3 hobgoblins
  5 kobolds
  3 quokkas (D:1)
  2 ball pythons
  2 frilled lizards (D:1)
  3 rats (D:1)
31 creatures vanquished.

Notes
Turn   | Place    | Note
-------+----------+-------------------------------------------
     0 | D:1      | arthad the Deep Elf Earth Elementalist began the quest for
                  | the Orb.
     0 | D:1      | Reached XP level 1. HP: 10/10 MP: 6/6
   130 | D:1      | Found Ycosm's Magic Scroll Boutique.
   169 | D:1      | Reached XP level 2. HP: 15/15 MP: 6/8
   970 | D:2      | Reached XP level 3. HP: 19/19 MP: 8/10
  1027 | D:2      | You are sucked into a shaft and drop 2 floors!
  1043 | D:4      | Found a hide-covered altar of Uskayaw.
  1097 | D:4      | Noticed Natasha
  1101 | D:4      | Killed Natasha
  1102 | D:4      | Reached XP level 4. HP: 22/24 MP: 7/11
  1272 | D:4      | Slain by a scorpion zombie

Illustrated notes

Levels and vault maps discovered:
D:1:      dpeg_arrival_long_road, layout_loops_cross, serial_shops, shop,
          chequers_hall_statues_corner_a, serial_bayou_lake_a
D:2:      layout_basic, hellmonk_ecumenical_altar_inner_sanctum, dk_vineyard_3,
          minmay_worlds_worst_comb
D:4:      layout_loops_cross, nicolae_uskayaw_suspiria, temple_green,
          serial_undead, serial_undead_a, serial_undead_c, serial_undead_f,
          serial_undead_f, minmay_strange_pillars, minmay_misc_feat_roman,
          uniq_natasha

Skill      XL: |  1  2  3 |
---------------+----------+-----
Stealth        | 3 |  3.3
Dodging        | 3 |  3.2
Transmutations | 2 |  2.1
Spellcasting   | |  3.8
Earth Magic    | |  3.8

Action                     |  1- 3 |  4- 6 || total
---------------------------+-------+-------++-------
   Cast: Sandblast         |    36 |     9 ||    45
    Use: Scroll            |       |     5 ||     5
 Armour: Robe              |     1 |    21 ||    22
  Dodge: Dodged            |     2 |    11 ||    13

Table legend: (Time is in decaauts)
 A = Elapsed time spent in this place.
 B = Non-inter-level travel time spent in this place.
 C = Inter-level travel time spent in this place.
 D = Time resting spent in this place.
 E = Time spent auto-exploring this place.
 F = Levels seen in this place.
 G = Mean time per level.
                   A        B        C        D        E       F      G
               +--------+--------+--------+--------+--------+-----+--------+
         Total |   1293 |   1270 |     23 |      0 |   1089 |   3 |  431.0 |
       Dungeon |   1293 |   1270 |     23 |      0 |   1089 |   3 |  431.0 |
               +--------+--------+--------+--------+--------+-----+--------+

Top non-repeatable levels by time:
     D:1: 875 daAuts
     D:4: 252 daAuts
     D:2: 165 daAuts
